[Event "8th RTU Open 2018"]
[Site "Riga"]
[Date "2018.08.07"]
[Round "3"]
[White "Stocek, Jiri"]
[Black "Martin, Julian"]
[Result "1-0"]
[ECO "D85"]
[WhiteElo "2582"]
[BlackElo "2392"]
[Annotator "ChessBase"]
[PlyCount "106"]
[EventDate "2018.08.06"]
[EventType "swiss"]
[EventCountry "LAT"]
[SourceTitle "playchess.com"]
[Source "ChessBase"]
[SourceQuality "1"]
[TimeControl "5400+30"]

1. c4 Nf6 2. Nc3 g6 3. d4 d5 4. cxd5 Nxd5 5. e4 Nxc3 6. bxc3 Bg7 7. Nf3 c5 8. Be3 Bg4 9. Rc1 cxd4 10. cxd4 O-O 11. Be2 Qa5+ 12. Qd2 Qxd2+ 13. Nxd2 Bxe2 14. Kxe2 e6 15. Rc7 f5 16. Nf3 Nc6 17. Rb1 fxe4 18. Ng5 Nxd4+ 19. Ke1 Be5 20. Rc5 Bh8 21. Rxb7 Rab8 22. Rxb8 Rxb8 23. Nxe4 Nf5 24. Bf4 Rb1+ 25. Kd2 Bd4 26. Rc8+ Kf7 27. Rc7+ Ke8 28. Rxh7 Rb4 29. g4 Ng7 30. Kd3 Kf7 31. Bd6 Ra4 32. h4 Kg8 33. Rh6 Ne8 34. Rxg6+ Kf7 35. h5 Bf6 36. Bc5 Rxa2 37. Nxf6 Nxf6 38. Bd4 Ra3+ 39. Ke2 Ne8 40. f3 a5 41. Rh6 Nd6 42. Rh7+ Ke8 43. Rg7 Ra2+ 44. Ke3 Ra3+ 45. Kf2 Nf7 46. Rg6 Rd3 47. Rxe6+ Kd7 48. Rf6 Ke7 49. Rf4 Ke6 50. Ke2 Rb3 51. Rf6+ Ke7 52. Ra6 Rb5 53. h6 Ng5 1-0

[Event "8th RTU Open 2018"]
[Site "Riga"]
[Date "2018.08.07"]
[Round "3"]
[White "Petrosyan, Manuel"]
[Black "Krupenski, Juri"]
[Result "1-0"]
[ECO "E11"]
[WhiteElo "2567"]
[BlackElo "2390"]
[Annotator "ChessBase"]
[PlyCount "39"]
[EventDate "2018.08.06"]
[EventType "swiss"]
[EventCountry "LAT"]
[SourceTitle "playchess.com"]
[Source "ChessBase"]
[SourceQuality "1"]
[TimeControl "5400+30"]

1. d4 Nf6 2. c4 e6 3. Nf3 Bb4+ 4. Nbd2 O-O 5. a3 Be7 6. e4 d6 7. Be2 Nbd7 8. Qc2 e5 9. Nb1 a5 10. Nc3 c6 11. O-O Qb6 12. Rd1 Qa7 13. b3 Ne8 14. Be3 Qb8 15. Rab1 Ndf6 16. h3 exd4 17. Nxd4 d5 18. exd5 cxd5 19. Qc1 Nd6 20. Bf4 1-0

[Event "8th RTU Open 2018"]
[Site "Riga"]
[Date "2018.08.07"]
[Round "3"]
[White "Ter Sahakyan, Samvel"]
[Black "Gorbatov, Alexej"]
[Result "1/2-1/2"]
[ECO "C10"]
[WhiteElo "2551"]
[BlackElo "2389"]
[Annotator "ChessBase"]
[PlyCount "70"]
[EventDate "2018.08.06"]
[EventType "swiss"]
[EventCountry "LAT"]
[SourceTitle "playchess.com"]
[Source "ChessBase"]
[SourceQuality "1"]
[TimeControl "5400+30"]

1. e4 e6 2. d4 d5 3. Nc3 dxe4 4. Nxe4 Bd7 5. Nf3 Bc6 6. Bd3 Nd7 7. c3 Ngf6 8. Nxf6+ Nxf6 9. Bf4 Bxf3 10. Qxf3 c6 11. O-O Qd5 12. Qe2 Qh5 13. Qc2 Rd8 14. Qb3 Rd7 15. Rae1 Qa5 16. Be5 Qb6 17. Qxb6 axb6 18. f4 Bd6 19. f5 Bxe5 20. Rxe5 Re7 21. Rfe1 Kd7 22. fxe6+ fxe6 23. Bf5 Rhe8 24. Bh3 Kd6 25. g3 Nd7 26. R5e2 b5 27. Kf2 Nb6 28. Ke3 e5 29. Kd3 exd4 30. Rxe7 Rxe7 31. Rxe7 Kxe7 32. Kxd4 Kd6 33. Bf5 h6 34. Bd3 Nd7 35. b4 Nf6 {[%emt 0:01:59] Ke4 Ke5+} 1/2-1/2

[Event "8th RTU Open 2018"]
[Site "Riga"]
[Date "2018.08.07"]
[Round "3"]
[White "Meskovs, Nikita"]
[Black "Sirosh, Ilja"]
[Result "*"]
[ECO "A05"]
[WhiteElo "2524"]
[BlackElo "2372"]
[Annotator "ChessBase"]
[PlyCount "28"]
[EventDate "2018.08.06"]
[EventType "swiss"]
[EventCountry "LAT"]
[SourceTitle "playchess.com"]
[Source "ChessBase"]
[SourceQuality "1"]
[TimeControl "5400+30"]

1. Nf3 Nf6 2. g3 g6 3. Bg2 Bg7 4. O-O c6 5. e4 d5 6. Nc3 dxe4 7. Nxe4 Nxe4 8. Qe2 Qd5 9. Qxe4 Qe6 10. Qe3 Qxe3 11. d4 Bf5 12. Bxe3 e6 13. c4 Nd7 14. a3 h6 *

[Event "8th RTU Open 2018"]
[Site "Riga"]
[Date "2018.08.07"]
[Round "3"]
[White "Kjartansson, Gudmundur"]
[Black "Kusenkova, Natallia"]
[Result "1/2-1/2"]
[ECO "A06"]
[WhiteElo "2434"]
[BlackElo "2183"]
[Annotator "NA"]
[PlyCount "70"]
[EventDate "2018.08.06"]
[EventType "swiss"]
[EventCountry "LAT"]
[SourceTitle "playchess.com"]
[Source "ChessBase"]
[SourceQuality "1"]
[TimeControl "5400+30"]

1. Nf3 d5 2. g3 Nf6 3. Bg2 e6 4. O-O Be7 5. c4 O-O 6. b3 c5 7. cxd5 exd5 8. d4 Nc6 9. Bb2 Be6 10. Nc3 Rc8 11. dxc5 Bxc5 12. Na4 Be7 13. Rc1 Qd6 14. Nc5 b6 15. Nxe6 fxe6 16. Nd4 Nxd4 17. Qxd4 Qd7 18. e4 Rxc1 19. Bxc1 Bc5 20. Qd1 Qf7 21. exd5 exd5 22. Qd3 Rd8 23. Bb2 d4 24. Re1 Kh8 25. Bc1 a5 26. Rd1 Nd5 27. Qc4 Qf5 28. Bxd5 Rxd5 29. Rd3 h6 30. a3 Rd8 31. b4 axb4 32. axb4 Bxb4 33. Rxd4 Rxd4 34. Qxd4 Bc5 35. Qd2 Kh7 1/2-1/2

[Event "8th RTU Open 2018"]
[Site "Riga"]
[Date "2018.08.07"]
[Round "3"]
[White "Pechac, Jergus"]
[Black "Bluebaum, Karl Ernst"]
[Result "1-0"]
[ECO "D31"]
[WhiteElo "2431"]
[BlackElo "2253"]
[Annotator "NA"]
[PlyCount "53"]
[EventDate "2018.08.06"]
[EventType "swiss"]
[EventCountry "LAT"]
[SourceTitle "playchess.com"]
[Source "ChessBase"]
[SourceQuality "1"]
[TimeControl "5400+30"]

1. d4 d5 2. c4 e6 3. Nc3 Bb4 4. cxd5 exd5 5. Bf4 Nf6 6. e3 O-O 7. Rc1 c6 8. Bd3 Re8 9. h3 Bd6 10. Nge2 Bxf4 11. Nxf4 Qd6 12. Qf3 Nbd7 13. g4 Nf8 14. g5 N6d7 15. h4 Ne6 16. Nce2 Nxf4 17. Nxf4 Rf8 18. Qg3 f5 19. gxf6 Nxf6 20. Rg1 Qe7 21. h5 Bg4 22. Qh4 Qb4+ 23. Kf1 Qd2 24. Re1 Bxh5 25. Bf5 Bf3 26. Be6+ Rf7 27. Qxf6 1-0

[Event "8th RTU Open 2018"]
[Site "Riga"]
[Date "2018.08.07"]
[Round "3"]
[White "Korchmar, Vasiliy"]
[Black "Jacobs, Florian"]
[Result "1-0"]
[ECO "A62"]
[WhiteElo "2415"]
[BlackElo "2255"]
[Annotator "NA"]
[PlyCount "63"]
[EventDate "2018.08.06"]
[EventType "swiss"]
[EventCountry "LAT"]
[SourceTitle "playchess.com"]
[Source "ChessBase"]
[SourceQuality "1"]
[TimeControl "5400+30"]

1. d4 Nf6 2. c4 e6 3. g3 c5 4. d5 exd5 5. cxd5 d6 6. Nc3 g6 7. Bg2 Bg7 8. Nf3 O-O 9. O-O a6 10. a4 Nbd7 11. Bf4 Qc7 12. Rc1 Re8 13. h3 Ne4 14. Nxe4 Rxe4 15. Nd2 Rxf4 16. gxf4 Bxb2 17. Rb1 Bg7 18. Nc4 b6 19. Rb3 Rb8 20. Qb1 Rb7 21. Re1 Qb8 22. e4 Bd4 23. Re2 Kg7 24. h4 h5 25. Qe1 Nf6 26. e5 dxe5 27. fxe5 Ng4 28. Nd6 Bxe5 29. Nxb7 Bxb7 30. Rxe5 Nxe5 31. Rxb6 Qc7 32. Rxb7 1-0

[Event "8th RTU Open 2018"]
[Site "Riga"]
[Date "2018.08.07"]
[Round "3"]
[White "Fenil, Shah"]
[Black "Povilaitis, Tomas"]
[Result "1/2-1/2"]
[ECO "D04"]
[WhiteElo "2412"]
[BlackElo "1804"]
[Annotator "NA"]
[PlyCount "39"]
[EventDate "2018.08.06"]
[EventType "swiss"]
[EventCountry "LAT"]
[SourceTitle "playchess.com"]
[Source "ChessBase"]
[SourceQuality "1"]
[TimeControl "5400+30"]

1. d4 Nf6 2. Nf3 d5 3. e3 Bf5 4. c4 e6 5. Nc3 c6 6. Qb3 Qb6 7. c5 Qc7 8. Qa4 Be7 9. b4 O-O 10. b5 Nbd7 11. Bb2 h6 12. h3 e5 13. Be2 exd4 14. exd4 Ne4 15. O-O Ng5 16. Rfe1 Rfe8 17. bxc6 bxc6 18. Ba3 Bf6 19. Rad1 Re6 20. Bb4 1/2-1/2

[Event "8th RTU Open 2018"]
[Site "Riga"]
[Date "2018.08.07"]
[Round "3"]
[White "Seeman, Tarvo"]
[Black "Juknis, Paulius"]
[Result "1-0"]
[ECO "A04"]
[WhiteElo "2405"]
[BlackElo "2231"]
[Annotator "NA"]
[PlyCount "95"]
[EventDate "2018.08.06"]
[EventType "swiss"]
[EventCountry "LAT"]
[SourceTitle "playchess.com"]
[Source "ChessBase"]
[SourceQuality "1"]
[TimeControl "5400+30"]

1. Nf3 c5 2. b3 Nf6 3. Bb2 e6 4. e3 b6 5. d4 Bb7 6. Bd3 Be7 7. O-O O-O 8. Nbd2 d6 9. c4 Nbd7 10. Qe2 Re8 11. Rad1 Qc7 12. Bb1 Nf8 13. Ng5 cxd4 14. Bxd4 e5 15. Bb2 Ng6 16. Nde4 Nxe4 17. Nxe4 b5 18. cxb5 d5 19. Ng3 Qb6 20. Bxg6 hxg6 21. Bxe5 a6 22. Bd4 Qxb5 23. Qb2 f6 24. Rc1 Qd7 25. Qc2 Kf7 26. Qc7 Rad8 27. Ne2 Bd6 28. Qxd7+ Rxd7 29. h3 g5 30. Rfd1 f5 31. Bc5 Be5 32. Nd4 f4 33. Nf3 fxe3 34. Bxe3 Bf4 35. Nxg5+ Bxg5 36. Bxg5 d4 37. Be3 d3 38. Rc4 Be4 39. Kh2 Re6 40. Rd2 Kf6 41. g4 g6 42. Kg3 Ke7 43. h4 Kf7 44. Rd4 Rxd4 45. Bxd4 Rd6 46. Be5 Rc6 47. f3 Ke6 48. Bf4 1-0

[Event "8th RTU Open 2018"]
[Site "Riga"]
[Date "2018.08.07"]
[Round "3"]
[White "Lapshun, Yury"]
[Black "Kretainis, Kristaps"]
[Result "1-0"]
[ECO "E11"]
[WhiteElo "2403"]
[BlackElo "2235"]
[Annotator "NA"]
[PlyCount "81"]
[EventDate "2018.08.06"]
[EventType "swiss"]
[EventCountry "LAT"]
[SourceTitle "playchess.com"]
[Source "ChessBase"]
[SourceQuality "1"]
[TimeControl "5400+30"]

1. d4 Nf6 2. c4 e6 3. Nf3 Bb4+ 4. Bd2 Bxd2+ 5. Nbxd2 d5 6. e3 O-O 7. Be2 Nbd7 8. Rc1 c6 9. O-O Qe7 10. Ne5 Nxe5 11. dxe5 Nd7 12. f4 Rd8 13. Qc2 Nf8 14. e4 f6 15. exf6 gxf6 16. Rce1 d4 17. e5 f5 18. c5 Rb8 19. b4 b5 20. Rd1 Rb7 21. Nb3 Rbd7 22. Rd3 Ng6 23. g3 Qg7 24. Qd2 Ne7 25. Bf3 Rd5 26. Bxd5 Rxd5 27. Nxd4 Bd7 28. a4 bxa4 29. Ra1 Qf8 30. Rxa4 Qb8 31. Rda3 Bc8 32. Rxa7 Bb7 33. R7a5 Qd8 34. Rd3 Qc8 35. Qa2 Kf7 36. Qc4 Kg6 37. Kf2 h5 38. Ra7 Qb8 39. Rda3 Nc8 40. R7a5 Kf7 41. b5 1-0

[Event "8th RTU Open 2018"]
[Site "Riga"]
[Date "2018.08.07"]
[Round "3"]
[White "Miedema, David"]
[Black "Volotovsky, Kirill"]
[Result "1-0"]
[ECO "E04"]
[WhiteElo "2397"]
[BlackElo "2228"]
[Annotator "NA"]
[PlyCount "75"]
[EventDate "2018.08.06"]
[EventType "swiss"]
[EventCountry "LAT"]
[SourceTitle "playchess.com"]
[Source "ChessBase"]
[SourceQuality "1"]
[TimeControl "5400+30"]

1. d4 Nf6 2. c4 e6 3. Nf3 d5 4. g3 dxc4 5. Bg2 Bb4+ 6. Bd2 a5 7. O-O b5 8. a4 Bxd2 9. Nfxd2 Ra7 10. Na3 b4 11. Nb5 Ra6 12. Nxc4 O-O 13. Rc1 Ne8 14. Ne5 Bd7 15. d5 Bxb5 16. axb5 Rd6 17. Nc4 Rd7 18. Ne5 Rd6 19. Nc4 Rd7 20. Nxa5 exd5 21. Qd4 Qe7 22. e3 Nf6 23. Rc2 Ne4 24. Rfc1 f5 25. Nb3 Rf7 26. Qa7 Qd8 27. Qd4 Qe7 28. Nc5 Rd8 29. Qxb4 Nd7 30. Nd3 Rb8 31. Qd4 Rxb5 32. Rxc7 Qd6 33. R1c6 Qe7 34. b4 Kh8 35. Rxd7 Qxd7 36. Ne5 Qxc6 37. Nxc6 Rc7 38. Bf1 1-0

[Event "8th RTU Open 2018"]
[Site "Riga"]
[Date "2018.08.07"]
[Round "3"]
[White "Schekachikhin, Maksim"]
[Black "Chibukhchyan, Erik"]
[Result "0-1"]
[ECO "E21"]
[WhiteElo "2392"]
[BlackElo "2214"]
[Annotator "NA"]
[PlyCount "106"]
[EventDate "2018.08.06"]
[EventType "swiss"]
[EventCountry "LAT"]
[SourceTitle "playchess.com"]
[Source "ChessBase"]
[SourceQuality "1"]
[TimeControl "5400+30"]

1. d4 Nf6 2. c4 e6 3. Nf3 b6 4. Nc3 Bb4 5. e3 Bb7 6. Bd3 Ne4 7. Qc2 Bxc3+ 8. bxc3 f5 9. O-O O-O 10. Nd2 Nxd2 11. Bxd2 Nc6 12. Rab1 d6 13. f4 Na5 14. c5 d5 15. Qa4 Bc6 16. Qb4 Qd7 17. Rfc1 Nc4 18. Bxc4 dxc4 19. Qxc4 Be4 20. Rb2 Qc6 21. Qb5 Bxg2 22. Qxc6 Bxc6 23. cxb6 axb6 24. c4 Rf7 25. Bb4 Rd7 26. Kf2 Ra4 27. Rc3 Be4 28. Ke2 Kf7 29. Ra3 Rxa3 30. Bxa3 Rd8 31. Kd2 Ra8 32. Bb4 h6 33. h4 Kg6 34. Bc3 Kh5 35. d5 exd5 36. cxd5 g6 37. Be5 Bxd5 38. Bxc7 Kxh4 39. Rxb6 Rxa2+ 40. Kc3 Bf7 41. Rf6 Be8 42. Rf8 Ra8 43. Be5 Kg4 44. Rh8 h5 45. Bf6 Kf3 46. Bd4 Rc8+ 47. Kd2 Bd7 48. Rh6 Rc6 49. Rh7 Bc8 50. Rh6 Kg3 51. Ke1 h4 52. e4 h3 53. exf5 Bxf5 0-1

[Event "8th RTU Open 2018"]
[Site "Riga"]
[Date "2018.08.07"]
[Round "3"]
[White "Hansen, Mads"]
[Black "Nilssen, Ellen Fredericia"]
[Result "1-0"]
[ECO "C00"]
[WhiteElo "2387"]
[BlackElo "2060"]
[Annotator "NA"]
[PlyCount "73"]
[EventDate "2018.08.06"]
[EventType "swiss"]
[EventCountry "LAT"]
[SourceTitle "playchess.com"]
[Source "ChessBase"]
[SourceQuality "1"]
[TimeControl "5400+30"]

1. e4 e6 2. d4 d5 3. Bd3 dxe4 4. Bxe4 c5 5. Ne2 Nf6 6. Bf3 Be7 7. O-O O-O 8. c4 cxd4 9. Nxd4 Nbd7 10. Nc3 Ne5 11. Be2 a6 12. h3 Ng6 13. Be3 Qc7 14. Qb3 Bd7 15. Rfd1 Bc5 16. Bg5 Ne8 17. Rac1 Nd6 18. Be3 Rad8 19. Bf1 Ne5 20. Bf4 Nc6 21. Nf3 Na5 22. Qc2 Qb6 23. a3 Nb3 24. Bxd6 Bxd6 25. Rxd6 Qxd6 26. Qxb3 Bc6 27. Be2 h6 28. Qc2 a5 29. Nd1 Qf4 30. Ne3 Rd7 31. Qc3 Rfd8 32. Qxa5 Be4 33. Re1 Rc8 34. Qc3 g5 35. b4 f5 36. Qf6 Rc6 37. Ne5 1-0

[Event "8th RTU Open 2018"]
[Site "Riga"]
[Date "2018.08.07"]
[Round "3"]
[White "Rostgaard, Tobias Valentin"]
[Black "Nair, Sanjeev"]
[Result "1-0"]
[ECO "D00"]
[WhiteElo "2386"]
[BlackElo "1942"]
[Annotator "NA"]
[PlyCount "85"]
[EventDate "2018.08.06"]
[EventType "swiss"]
[EventCountry "LAT"]
[SourceTitle "playchess.com"]
[Source "ChessBase"]
[SourceQuality "1"]
[TimeControl "5400+30"]

1. d4 d5 2. Bf4 Nf6 3. e3 c5 4. Nf3 Nc6 5. Nbd2 Bf5 6. dxc5 e6 7. Nb3 Be7 8. Nfd4 O-O 9. Nxf5 exf5 10. Bd3 g6 11. O-O Nd7 12. Qf3 Nxc5 13. Nxc5 Bxc5 14. c3 Qd7 15. Rad1 Qe6 16. Bc2 Rfd8 17. Bb3 Ne7 18. Bg5 f6 19. Bh4 Kg7 20. Rd2 Rd7 21. Rfd1 Rad8 22. Bg3 a6 23. h3 Ba7 24. c4 dxc4 25. Bxc4 Rxd2 26. Rxd2 Qxc4 27. Rxd8 Qc1+ 28. Kh2 Qxb2 29. Rd7 Bc5 30. Qd5 Qb4 31. Rxb7 Qa3 32. Qd8 g5 33. Rb8 Ng6 34. Qg8+ Kh6 35. Rb7 Be7 36. Bc7 Qc5 37. Qe6 a5 38. Bb8 a4 39. Rd7 Qc8 40. Bd6 Nf8 41. Qxe7 Nxd7 42. h4 gxh4 43. Qf7 1-0

[Event "8th RTU Open 2018"]
[Site "Riga"]
[Date "2018.08.07"]
[Round "3"]
[White "Nikitenko, Mihail"]
[Black "Kaczur, Florian"]
[Result "0-1"]
[ECO "C63"]
[WhiteElo "2374"]
[BlackElo "2482"]
[Annotator "RC"]
[PlyCount "108"]
[EventDate "2018.08.06"]
[EventType "swiss"]
[EventCountry "LAT"]
[SourceTitle "playchess.com"]
[Source "ChessBase"]
[SourceQuality "1"]
[TimeControl "5400+30"]

1. e4 e5 2. Nf3 Nc6 3. Bb5 f5 4. d3 fxe4 5. dxe4 Nf6 6. Qd3 d6 7. Nc3 a6 8. Ba4 b5 9. Bb3 Na5 10. O-O Nxb3 11. axb3 c6 12. Ne2 Be7 13. c4 Bb7 14. Ng3 O-O 15. c5 dxc5 16. Qc3 Qc7 17. Be3 Rae8 18. Bxc5 Bxc5 19. Qxc5 Nd7 20. Qe3 c5 21. Rac1 Rc8 22. Ng5 Qc6 23. Rfd1 Nb6 24. f3 g6 25. Nh3 c4 26. Nf2 Qe6 27. Qh6 Qe7 28. bxc4 Nxc4 29. Rc2 Rfd8 30. Rxd8+ Rxd8 31. h4 Nd6 32. Qg5 Kf8 33. Ng4 Nf7 34. Qxe7+ Kxe7 35. Rc7+ Rd7 36. Rxd7+ Kxd7 37. Nf6+ Ke7 38. Nxh7 b4 39. Ne2 a5 40. b3 Bc8 41. Kf2 Be6 42. Nc1 Nd6 43. Ng5 Bg8 44. g3 Nb5 45. f4 exf4 46. gxf4 Nd4 47. Nf3 Nxb3 48. Nxb3 Bxb3 49. Nd4 Ba4 50. Ke3 b3 51. Nxb3 Bxb3 52. Kd2 Be6 53. Kc3 Kf6 54. Kb2 Bf5 0-1

[Event "8th RTU Open 2018"]
[Site "Riga"]
[Date "2018.08.07"]
[Round "3"]
[White "Hedman, Erik"]
[Black "Leenhouts, Koen"]
[Result "1-0"]
[ECO "E04"]
[WhiteElo "2370"]
[BlackElo "2475"]
[Annotator "ChessBase"]
[PlyCount "75"]
[EventDate "2018.08.06"]
[EventType "swiss"]
[EventCountry "LAT"]
[SourceTitle "playchess.com"]
[Source "ChessBase"]
[SourceQuality "1"]
[TimeControl "5400+30"]

1. d4 Nf6 2. c4 e6 3. Nf3 d5 4. g3 dxc4 5. Bg2 a6 6. Ne5 Bb4+ 7. Nc3 Nd5 8. O-O Nxc3 9. bxc3 Bxc3 10. Rb1 Qxd4 11. Qa4+ b5 12. Qa3 Qxe5 13. Bxa8 Qf6 14. Qc5 Be5 15. a4 Nd7 16. Qc6 O-O 17. axb5 Nb6 18. Qe4 Bd6 19. bxa6 Bxa6 20. Bc6 c3 21. Bb5 Bxb5 22. Rxb5 Nd5 23. Qc4 h5 24. e4 Nb6 25. Qc6 Be5 26. h4 Bd4 27. Kg2 e5 28. Qxc7 Ra8 29. Bg5 Qe6 30. Rd1 Ra2 31. Rxd4 exd4 32. Re5 Qb3 33. Be3 Ra8 34. Bxd4 Qc4 35. Bxb6 Qe2 36. Qxc3 f6 37. Re7 Rb8 38. Qc7 1-0

[Event "8th RTU Open 2018"]
[Site "Riga"]
[Date "2018.08.07"]
[Round "3"]
[White "Oboladze, Luka"]
[Black "Kulaots, Kaido"]
[Result "1/2-1/2"]
[ECO "E91"]
[WhiteElo "2349"]
[BlackElo "2554"]
[Annotator "RC"]
[PlyCount "205"]
[EventDate "2018.08.06"]
[EventType "swiss"]
[EventCountry "LAT"]
[SourceTitle "playchess.com"]
[Source "ChessBase"]
[SourceQuality "1"]
[TimeControl "5400+30"]

1. d4 Nf6 2. Nf3 g6 3. c4 Bg7 4. Nc3 O-O 5. e4 d6 6. Be2 Bg4 7. O-O Nfd7 8. Be3 c5 9. d5 Nb6 10. Qb3 e5 11. h3 Bc8 12. Nd2 f5 13. exf5 gxf5 14. f4 N8d7 15. Qc2 exf4 16. Bxf4 Ne5 17. Bd3 Qf6 18. Rae1 Bd7 19. Rf2 Rae8 20. Ref1 Nxd3 21. Qxd3 Kh8 22. Nf3 Re4 23. Bg5 Rd4 24. Nxd4 Qxd4 25. Qg3 Nxc4 26. Kh1 b5 27. Rf4 Be5 28. Rxd4 Bxg3 29. Rd3 Be5 30. b3 Nb6 31. Ne2 b4 32. Rd2 Bb5 33. Rf2 Bxe2 34. Rfxe2 Kg7 35. Be3 Nd7 36. Rc2 f4 37. Bf2 Rf5 38. Rcd2 Nf6 39. Bh4 Nh5 40. Rd3 Ng3+ 41. Bxg3 fxg3 42. Rf3 Rxf3 43. gxf3 Kf6 44. Kg2 Kf5 45. Re4 h5 46. h4 a5 47. Re1 Kf6 48. Kh3 Kf5 49. Re2 Kf6 50. Re4 Kg6 51. Kg2 Kf5 52. Rc4 Bf4 53. Re4 Be5 54. Re2 Kf6 55. f4 Bxf4 56. Re6+ Kf5 57. Kf3 Be5 58. Rh6 Bf6 59. Kxg3 c4 60. bxc4 a4 61. Rxh5+ Ke4 62. c5 dxc5 63. d6 c4 64. Rc5 Kd4 65. Rf5 Bd8 66. Rf8 Bb6 67. Rb8 Kc5 68. d7 Bc7+ 69. Kf3 b3 70. axb3 cxb3 71. Ke3 Kc6 72. Rb4 Kc5 73. Rb8 Kc6 74. Kd3 Kxd7 75. Rb4 Ke6 76. Rxa4 Kf5 77. Kc3 Kg6 78. Rc4 Bd8 79. Kxb3 Kh5 80. Rc8 Bxh4 81. Rg8 Be7 82. Kc4 Kh4 83. Kd4 Kh3 84. Ke3 Kh2 85. Kf2 Bc5+ 86. Kf3 Kh1 87. Rh8+ Kg1 88. Rc8 Bd4 89. Rc4 Be5 90. Rg4+ Kh1 91. Re4 Bd6 92. Re1+ Kh2 93. Re6 Bc5 94. Rh6+ Kg1 95. Rh5 Bb6 96. Rh6 Bc5 97. Rc6 Bd4 98. Rc4 Be5 99. Re4 Bd6 100. Rh4 Bc7 101. Rh7 Bd6 102. Rh5 Bc7 103. Rc5 1/2-1/2

[Event "8th RTU Open 2018"]
[Site "Riga"]
[Date "2018.08.07"]
[Round "3"]
[White "Dhulipalla, Bala Chandra Prasad"]
[Black "Repka, Christopher"]
[Result "0-1"]
[ECO "A62"]
[WhiteElo "2333"]
[BlackElo "2528"]
[Annotator "ChessBase"]
[PlyCount "106"]
[EventDate "2018.08.06"]
[EventType "swiss"]
[EventCountry "LAT"]
[SourceTitle "playchess.com"]
[Source "ChessBase"]
[SourceQuality "1"]
[TimeControl "5400+30"]

1. d4 Nf6 2. c4 e6 3. g3 c5 4. d5 exd5 5. cxd5 d6 6. Nc3 g6 7. Bg2 Bg7 8. Nf3 O-O 9. O-O Re8 10. Bf4 Na6 11. Re1 Bf5 12. Nd2 Nh5 13. e4 Nxf4 14. gxf4 Bd7 15. Nc4 Qh4 16. Qf3 Bf8 17. e5 Bf5 18. Ne4 Bxe4 19. Rxe4 f5 20. Ree1 dxe5 21. d6 e4 22. Qb3 Kh8 23. Ne5 Nb4 24. a3 Rxe5 25. fxe5 Nd3 26. Red1 Qxf2+ 27. Kh1 Qd4 28. Rd2 Qxe5 29. Bf1 Rd8 30. Bxd3 exd3 31. Qxd3 Rxd6 32. Qe2 Qxe2 33. Rxe2 Kg7 34. Rc1 Kf7 35. b4 Rc6 36. Rd1 Rc7 37. Rc1 c4 38. Re5 Bg7 39. Re2 c3 40. Rcc2 Bh6 41. Kg2 Rc6 42. Re5 Bd2 43. Kf3 Kf6 44. Rd5 g5 45. Rd7 g4+ 46. Kf2 h5 47. Rxb7 Re6 48. b5 h4 49. Rc7 Kg5 50. a4 Re5 51. R7xc3 Bxc3 52. Rxc3 Re4 53. Ra3 Rb4 0-1

[Event "8th RTU Open 2018"]
[Site "Riga"]
[Date "2018.08.07"]
[Round "3"]
[White "Sergienko, Sergey"]
[Black "Kollars, Dmitrij"]
[Result "0-1"]
[ECO "A09"]
[WhiteElo "2327"]
[BlackElo "2549"]
[Annotator "ChessBase"]
[PlyCount "76"]
[EventDate "2018.08.06"]
[EventType "swiss"]
[EventCountry "LAT"]
[SourceTitle "playchess.com"]
[Source "ChessBase"]
[SourceQuality "1"]
[TimeControl "5400+30"]

1. Nf3 d5 2. c4 d4 3. b4 Bg4 4. Qb3 Nf6 5. Bb2 Bxf3 6. exf3 e5 7. Be2 Be7 8. d3 a5 9. bxa5 Nbd7 10. O-O O-O 11. Nd2 Rxa5 12. Qc2 Nc5 13. Nb3 Ra6 14. Nxc5 Bxc5 15. Bc1 Qd6 16. g3 Ba3 17. Bd2 Qe6 18. Rab1 b6 19. Rfe1 Bd6 20. a4 Qd7 21. Rb5 Rfa8 22. a5 bxa5 23. Qa4 c6 24. Rb2 Qc7 25. c5 Bxc5 26. f4 Bb4 27. Bxb4 axb4 28. Qxb4 Nd5 29. Qb7 Qxb7 30. Rxb7 exf4 31. Bf3 fxg3 32. hxg3 g6 33. Re4 Ra4 34. Re5 Rd8 35. Re1 Ra3 36. Be4 c5 37. Rb5 Rc3 38. Ra1 Nf6 0-1

[Event "8th RTU Open 2018"]
[Site "Riga"]
[Date "2018.08.07"]
[Round "3"]
[White "Faibisovich, Vadim Z"]
[Black "Maiorov, Nikita"]
[Result "1/2-1/2"]
[ECO "C48"]
[WhiteElo "2310"]
[BlackElo "2504"]
[Annotator "RC"]
[PlyCount "101"]
[EventDate "2018.08.06"]
[EventType "swiss"]
[EventCountry "LAT"]
[SourceTitle "playchess.com"]
[Source "ChessBase"]
[SourceQuality "1"]
[TimeControl "5400+30"]

1. e4 e5 2. Nf3 Nc6 3. Nc3 Nf6 4. Bb5 Bd6 5. O-O O-O 6. d3 Re8 7. a3 Bf8 8. Bc4 h6 9. h3 d6 10. Nh2 Ne7 11. f4 exf4 12. Bxf4 Ng6 13. Bg3 c6 14. Nf3 d5 15. exd5 cxd5 16. Bb3 Be6 17. Nd4 Bc5 18. Bf2 Bd6 19. Nce2 Bc7 20. Bg3 Bb6 21. Kh1 Qd7 22. Nxe6 Rxe6 23. Nf4 Nxf4 24. Bxf4 Rae8 25. Qf3 Bd4 26. c3 Be3 27. Rae1 Bxf4 28. Rxe6 Rxe6 29. Qxf4 Qb5 30. Qb4 Qxd3 31. Rd1 Qe2 32. Qxb7 Ne4 33. Kh2 Rg6 34. Rg1 Kh7 35. Bxd5 Nd6 36. Qa8 Qe5+ 37. g3 h5 38. Bf3 h4 39. Qd5 hxg3+ 40. Kh1 Qe3 41. Bg2 f5 42. c4 Qe2 43. Rf1 Ne4 44. Qxf5 Nf2+ 45. Kg1 Qxc4 46. Qh5+ Rh6 47. Qf5+ Kh8 48. Qf8+ Kh7 49. Qf5+ Kh8 50. Qf8+ Kh7 51. Qf5+ 1/2-1/2

[Event "8th RTU Open 2018"]
[Site "Riga"]
[Date "2018.08.07"]
[Round "3"]
[White "Tanriverdi, Enes"]
[Black "Pultinevicius, Paulius"]
[Result "0-1"]
[ECO "D85"]
[WhiteElo "2276"]
[BlackElo "2452"]
[Annotator "ChessBase"]
[PlyCount "57"]
[EventDate "2018.08.06"]
[EventType "swiss"]
[EventCountry "LAT"]
[SourceTitle "playchess.com"]
[Source "ChessBase"]
[SourceQuality "1"]
[TimeControl "5400+30"]

1. d4 Nf6 2. c4 g6 3. Nc3 d5 4. cxd5 Nxd5 5. e4 Nxc3 6. bxc3 Bg7 7. Nf3 c5 8. Be3 Qa5 9. Qd2 O-O 10. Rc1 Rd8 11. d5 e6 12. Bg5 f6 13. Bf4 Nc6 14. Be2 Qa4 15. Qc2 Qxc2 16. Rxc2 exd5 17. exd5 Ne7 18. c4 Nf5 19. Bc7 Rd7 20. Ba5 b6 21. Bc3 Ba6 22. O-O Re8 23. Bd3 Rxd5 24. cxd5 Bxd3 25. Rd2 Bxf1 26. Kxf1 Kf7 27. a4 Re4 28. d6 Ke8 29. Ng5 0-1

[Event "8th RTU Open 2018"]
[Site "Riga"]
[Date "2018.08.07"]
[Round "3"]
[White "Rogule, Laura"]
[Black "Haria, Ravi"]
[Result "0-1"]
[ECO "A13"]
[WhiteElo "2272"]
[BlackElo "2449"]
[Annotator "NA"]
[PlyCount "104"]
[EventDate "2018.08.06"]
[EventType "swiss"]
[EventCountry "LAT"]
[SourceTitle "playchess.com"]
[Source "ChessBase"]
[SourceQuality "1"]
[TimeControl "5400+30"]

1. c4 e6 2. Nf3 d5 3. d4 a6 4. cxd5 exd5 5. Nc3 c6 6. Bf4 Bd6 7. Bxd6 Qxd6 8. e3 Ne7 9. Bd3 Bf5 10. O-O O-O 11. Na4 Nd7 12. Rc1 Qf6 13. Nc5 Nxc5 14. Rxc5 Bxd3 15. Qxd3 Nf5 16. e4 dxe4 17. Qxe4 Ne7 18. Ng5 g6 19. Re5 Nd5 20. f4 Rad8 21. Qe1 Qd6 22. f5 Nf6 23. Qh4 Nh5 24. Nf3 Qf6 25. Qe4 Ng7 26. g4 Rfe8 27. Qf4 gxf5 28. g5 Qd6 29. Rxe8+ Nxe8 30. Qxf5 Ng7 31. Qg4 Ne6 32. Ne5 Qxd4+ 33. Qxd4 Rxd4 34. Nxf7 Rg4+ 35. Kh1 Kg7 36. Nd6 Rxg5 37. Nxb7 Rb5 38. Nd6 Rxb2 39. Ne8+ Kg8 40. Nf6+ Kf7 41. Nxh7+ Ke7 42. Nf6 Rxa2 43. Ng4 a5 44. Ne3 a4 45. h4 Re2 46. Nf5+ Kd7 47. h5 a3 48. h6 Ng5 49. Rd1+ Kc7 50. Nd4 Rb2 51. Ne6+ Nxe6 52. h7 Rb8 0-1